 Dungeon Crawl Stone Soup version 0.24-a0-189-g5d897e9 (webtiles) character file.

Game seed: 1059100105645821812

32 Ivan the Skirmisher (level 3, -3/33 HPs)
             Began as a Hill Orc Berserker on Mar 16, 2019.
             Was a Follower of Trog.
             Killed from afar by Natasha (5 damage)
             ... with a magic dart
             ... on level 2 of the Dungeon.
             The game lasted 00:04:50 (1094 turns).

Ivan the Skirmisher (Hill Orc Berserker)            Turns: 1094, Time: 00:04:51

Health: -3/33      AC:  3    Str: 20    XL:     3   Next: 27%
Magic:  3/3        EV: 12    Int:  7    God:    Trog [*.....]
Gold:   122        SH:  0    Dex: 10    Spells: 2/2 levels left

rFire    . . .     SeeInvis .   a - +0 spear
rCold    . . .     Gourm    .   (no shield)
rNeg     . . .     Faith    .   b - +0 animal skin
rPois    .         Spirit   .   (no helmet)
rElec    .         Reflect  .   (no cloak)
rCorr    .         Harm     .   (no gloves)
MR       .....                  (no boots)
Stlth    +.........             (no amulet)
HPRegen  0.11/turn              (no ring)
MPRegen  0.08/turn              (no ring)

@: hasted, very quick
A: talons 1, rugged brown scales 1, wild magic 1
a: Berserk, Renounce Religion


You were on level 2 of the Dungeon.
You worshipped Trog.
Trog was aware of your devotion.
You were hungry.

You visited 1 branch of the dungeon, and saw 2 of its levels.

You collected 122 gold pieces.

Inventory:

Hand Weapons
 a - a +0 spear (weapon)
Armour
 b - a +0 animal skin (worn)
 i - a +0 pair of gloves
Jewellery
 f - a cursed ring of teleportation {unknown}
 g - an uncursed amulet of regeneration {unknown}
Scrolls
 d - 2 scrolls of enchant armour {unknown}
 e - a scroll of fog {unknown}
 h - 4 scrolls of remove curse {unknown}
 j - 2 scrolls of teleportation {unknown}
 k - 4 scrolls of identify {unknown}
 l - a scroll of blinking {unknown}
 n - a scroll of random uselessness {unknown}
 o - 2 scrolls of magic mapping {unknown}
Potions
 m - a potion of haste
 p - 2 potions of mutation
Comestibles
 c - 4 rations


   Skills:
 + Level 4.0 Fighting
 + Level 3.8 Polearms
 + Level 2.4 Armour
 + Level 1.8 Dodging
 + Level 0.8 Stealth


You had 2 spell levels left.
You didn't know any spells.
Your spell library was empty.

Dungeon Overview and Level Annotations

Branches:
Dungeon (2/15)

Altars:

Annotations:
D:2 Natasha


Innate Abilities, Weirdness & Mutations

You have sharp toenails.
You are partially covered in rugged brown scales. (AC +1, +3% HP)
Your spells are a little harder to cast, but a little more powerful.


Message History

Natasha is lightly wounded.
Natasha barely misses you.
You barely miss Natasha.
Natasha is lightly wounded.
Natasha claws you!
You closely miss Natasha.
Natasha is lightly wounded.
Natasha claws you!
You are too injured to fight recklessly!
You are too injured to fight recklessly!
It was a potion of mutation.
You feel extremely strange.
Your toenails lengthen and sharpen.
Rugged brown scales grow over part of your body.
You feel less in control of your magic. Natasha claws you!
* * * LOW HITPOINT WARNING * * *
It was a potion of haste.
You feel yourself speed up.
Natasha stares at you and mumbles some strange words.
The magic dart hits you.
You die...

#..# ##.##
#.## #.# #.#
####.#####.#
#.##
#..........#
#..#
#.##.#######
##.# # ##.##
#.#
#.#...####
#####.#
#...#..<.#
......#
###.@.##.#
#####.#
##h## #
##†## #w#
##.#.## .l#
#.###.# ...#
#..#..# ...#
#.#.#.#
.....
#.#.#.#
.....
#.#.#.#


You could see Natasha, a dart slug and a frilled lizard.

Vanquished Creatures
  An adder (D:2)
  A leopard gecko (D:1)
  A giant cockroach (D:2)
  3 goblins
  3 hobgoblins (D:1)
  A ball python (D:1)
  2 bats
  5 kobolds
  7 rats (D:1)
24 creatures vanquished.

Notes
Turn   | Place    | Note
-------+----------+-------------------------------------------
     0 | D:1      | Ivan the Hill Orc Berserker began the quest for the Orb.
     0 | D:1      | Reached XP level 1. HP: 19/19 MP: 1/1
   321 | D:1      | Reached XP level 2. HP: 25/27 MP: 2/2
   946 | D:2      | Reached skill level 4 in Fighting
   946 | D:2      | Reached XP level 3. HP: 33/33 MP: 3/3
  1083 | D:2      | Noticed Natasha
  1093 | D:2      | Gained mutation: You have sharp toenails. [potion of
                  | mutation]
  1093 | D:2      | Gained mutation: You are partially covered in rugged brown
                  | scales. (AC +1, +3% HP) [potion of mutation]
  1093 | D:2      | Gained mutation: Your spells are a little harder to cast,
                  | but a little more powerful. [potion of mutation]
  1094 | D:2      | Killed from afar by Natasha

Levels and vault maps discovered:
D:1:      mrwooster_arrival_arrow, layout_loops_ring, serial_forest,
          infiniplex_forest_straight_3, infiniplex_forest_clump_tiny,
          infiniplex_forest_zigzag_1, infiniplex_forest_clump_medium,
          infiniplex_forest_lined_1, infiniplex_forest_clump_medium,
          infiniplex_forest_lined_2
D:2:      layout_loops_ring, minmay_distorted, uniq_natasha

Skill      XL: |  1  2 |
---------------+-------+-----
Fighting       | 4 |  4.0
Polearms       | |  3.8
Armour         | |  2.4
Dodging        | |  1.8
Stealth        | |  0.8

Action                   || total
-------------------------++-------
Melee: Spear             ||    78
  Use: Potion            ||     2
 Stab: Sleeping          ||     6
Armor: Animal skin       ||     6
Dodge: Dodged            ||    34

Table legend:
 A = Non-vault XP
 B = Vault XP
 C = Vault XP percentage of total XP
 D = Non-vault monster count
 E = Vault monster count
 F = Vault count percentage of total count
                 A         B        C        D         E       F
            +---------+---------+-------+---------+---------+-------
      Total |      46 |       1 |   2.1 |      23 |       1 |   4.2
            +---------+---------+-------+---------+---------+-------
        D:1 |      24 |       0 |   0.0 |      17 |       0 |   0.0
        D:2 |      22 |       1 |   4.3 |       6 |       1 |  14.3
            +---------+---------+-------+---------+---------+-------
